 Dungeon Crawl Stone Soup version 0.29.0-13-gc9e81de378 (webtiles) character file.

Game seed: 15632294580273958023

39194 SnakkuSnakku7 the Brawler (level 13, -4/106 HPs)
             Began as a Ghoul Summoner on Sept 8, 2022.
             Was a Believer of Hepliaklqana.
             Slain by a dire elephant (16 damage)
             ... on level 5 of the Lair of Beasts.
             The game lasted 00:28:12 (23590 turns).

SnakkuSnakku7 the Brawler (Ghoul Summoner)         Turns: 23590, Time: 00:28:13

Health: -4/106     AC: 21    Str: 16 (17) XL:     13   Next: 5%
Magic:  14/14      EV:  5    Int:  8 (10) God:    Hepliaklqana [**....]
Gold:   1221       SH:  0    Dex: 13 (15) Spells: 15/15 levels left

rFire   x . .      SeeInvis .     - Unarmed
rCold   + . .      Faith    .   (no shield)
rNeg    + + +      Spirit   .   r - +0 plate armour
rPois   ∞          Reflect  .   D - +2 hat
rElec   .          Harm     .   s - +0 cloak
rCorr   .          Rampage  .   (no gloves)
Will    .....                   n - +2 pair of boots
Stlth   ..........              o - amulet of magic regeneration
HPRegen 0.00/turn               H - +6 ring of dexterity
MPRegen 0.54/turn               I - ring of protection from cold

@: horrified, inhibited regen, invisible
A: reduced essence, claws 1, cold resistance 1, negative energy resistance 3,
inhibited regeneration, torment resistance 2, cowardly, inability to train
dodging, inexperienced 1, temperature sensitive, devour on kill
a: Renounce Religion, Recall Ancestor, Ancestor Identity


You were on level 5 of the Lair of Beasts.
You worshipped Hepliaklqana.
Hepliaklqana was pleased with you.
You visited 3 branches of the dungeon, and saw 16 of its levels.

You collected 1221 gold pieces.

Inventory:

Missiles
 y - 10 javelins
 G - a curare-tipped dart (quivered)
Armour
 d - a scarf of resistance
 n - a +2 pair of boots (worn)
 r - a +0 plate armour (worn)
 s - a +0 cloak (worn)
 A - a +0 helmet
 D - a +2 hat (worn)
Jewellery
 o - an amulet of magic regeneration (around neck)
 p - a ring of ice
 w - an amulet of guardian spirit
 H - a +6 ring of dexterity (left claw)
 I - a ring of protection from cold (right claw)
Wands
 a - a wand of paralysis (8)
 k - a wand of quicksilver (3)
 z - a wand of iceblast (1)
 F - a wand of flame (13)
 J - a wand of mindburst (5)
Scrolls
 c - 4 scrolls of fear
 g - 3 scrolls of immolation
 l - 3 scrolls of poison
 q - a scroll of vulnerability
 t - a scroll of butterflies
 v - 5 scrolls of teleportation
Potions
 b - 2 potions of magic
 e - 4 potions of attraction
 f - 5 potions of brilliance
 h - a potion of might
 i - a potion of berserk rage
 m - 12 potions of curing
 u - a potion of haste
 x - a potion of cancellation
 B - 2 potions of invisibility
 C - 2 potions of degeneration
 E - 4 potions of ambrosia


   Skills:
 - Level 12.0 Fighting
 - Level 10.0 Armour
 - Level 2.1 Stealth
 + Level 17.5 Unarmed Combat
 - Level 1.7 Spellcasting
 - Level 3.6 Summonings
 - Level 8.0 Evocations


You had 15 spell levels left.
You didn't know any spells.
Your spell library contained the following spells:

 Spells                   Type           Power      Damage    Failure   Level
 Summon Small Mammal      Summ           16%        N/A       95%         1
 Call Imp                 Summ           4%         N/A       98%         2
 Freeze                   Ice            0%         1d3       100%        1
 Sandblast                Erth           0%         2d4       100%        1
 Blink                    Tloc           0%         N/A       100%        2
 Passwall                 Tmut/Erth      0%         N/A       100%        2
 Call Canine Familiar     Summ           4%         N/A       100%        3
 Frozen Ramparts          Ice            0%         1d1       100%        3
 Ignite Poison            Fire/Tmut/Pois 0%         N/A       100%        3
 Mephitic Cloud           Conj/Pois/Air  0%         N/A       100%        3
 Stone Arrow              Conj/Erth      0%         3d7       100%        3
 Summon Guardian Golem    Hex/Summ       2%         N/A       100%        3
 Animate Armour           Summ/Erth      4%         N/A       100%        4
 Hailstorm                Conj/Ice       0%         3d3       100%        4
 Summon Lightning Spire   Summ/Air       2%         N/A       100%        4
 Freezing Cloud           Conj/Ice/Air   0%         6-21      100%        5
 Manifold Assault         Tloc           0%         N/A       100%        5
 Lehudib's Crystal Spear  Conj/Erth      0%         10d2      100%        8
 Storm Form               Tmut/Air       Unusable   N/A       N/A         7

Dungeon Overview and Level Annotations

Branches:
Dungeon (10/15)            Temple (1/1) D:5            Lair (5/5) D:8
 Shoals (0/4) Lair:3        Snake (0/4) Lair:3        Slime (0/5) Lair:4
    Orc: D:9-12

Altars:
Ashenzari
Cheibriados
Dithmenos
Fedhas
Gozag
Hepliaklqana
Kikubaaqudgha
Makhleb
Nemelex Xobeh
Okawaru
Qazlal
Ru
Sif Muna
Trog
Uskayaw
Wu Jian
Xom
Yredelemnul
Jiyva
Lugonu

Shops:
D:8 *

Annotations:
D:4 2 transporters, Rudyous's ghost, novice HOFi
D:9 1 transporter
Lair:2 exclusion: 5 oklob plants
Lair:3 exclusion: oklob plant


Innate Abilities, Weirdness & Mutations

Your life essence is reduced to manifest your ancestor. (-10% HP)
You are immune to poison.
You have sharp fingernails.
Your flesh is cold resistant. (rC+)
You are immune to negative energy. (rN+++)
You do not regenerate when monsters are visible.
You are immune to unholy pain and torment.
Your cowardice makes you less effective in combat with threatening foes.
You cannot train Dodging skill.
You are somewhat inexperienced. (-1 XL)
You are sensitive to extremes of temperature. (rF-, rC-)
You thrive by killing the living.


Message History

You mangle the komodo dragon!!
You kill the komodo dragon!
You feel better.
There is a stone staircase leading up here.
You start resting.
Ancestor HP restored.
You start resting.
CirSlain gestures at the dire elephant while chanting.
The puff of frost hits the dire elephant but does no damage.
You feel a twist of horror at the sight of this foe.
The dire elephant tramples you.
You stumble backwards!
You scratch the dire elephant but do no damage.
The dire elephant tramples you!!
You stumble backwards!
You are too injured to fight recklessly!
You are too injured to fight recklessly!
Unknown command.
You are too injured to fight recklessly!
You claw the dire elephant!
The dire elephant is lightly wounded.
CirSlain hits the dire elephant with a +0 quarterstaff!
You claw the dire elephant!
You claw the dire elephant, but do no damage.
The dire elephant is moderately wounded.
The dire elephant tramples you!!
* * * LOW HITPOINT WARNING * * *
You stumble backwards!
It was a potion of invisibility.
You fade into invisibility!
The dire elephant tramples you!
* * * LOW HITPOINT WARNING * * *
You stumble backwards!
It was a potion of degeneration.
There was something very wrong with that liquid.
You feel weakened.
You feel dopey.
You feel clumsy. The dire elephant tramples you.
* * * LOW HITPOINT WARNING * * *
You stumble backwards!
It was a potion of berserk rage.
You feel slightly irritated. The dire elephant tramples you!
You die...

#####.........#...##..##.###...
#######......#...#+###..#### ##..
#.##......###.#......#..# #...
#.........#####...8...### #####..
..........#.##.........####.#....
..#......#.#...8..<..8..##.......
...#.#....#......R.......#.......
#..##............Y8..............
..P............#@..........#.....
........##..8...........8...#....
........#.....#...8..##.....#....
...............#......#..........
........#.....#.............#....
..##....#..†.#.#......##'.'#.....
..#.##..........#'#.###..........
#...#...............# #........).
#...#...............# #..........


You could see the friendly cirSlain the battlemage and a dire elephant (unable
to see you, ally target).

Vanquished Creatures
  Gastronok (Lair:1)
  A boulder beetle (Lair:4)
  4 hydras
  A two-headed ogre (D:10)
  Urug (Lair:5)
  A fire crab (Lair:4)
  2 manticores
  A cyclops (D:10)
  A dire elephant zombie (Lair:5)
  2 elephants (Lair:5)
  Joseph (D:9)
  4 black mambas
  A guardian serpent (Lair:3)
  11 cane toads
  An unseen horror (D:10)
  3 rime drakes
  8 komodo dragons
  A wind drake (Lair:3)
  A troll (D:10)
  A queen bee (Lair:2)
  A polar bear (Lair:3)
  5 blink frogs
  10 dream sheep
  A spriggan (Lair:4)
  A vampire (D:9)
  8 wyverns
  35 yaks
  7 basilisks
  A steam dragon (D:8)
  Menkaure (D:7)
  An acid dragon (D:10)
  10 water moccasins
  2 ice beasts
  An orc warrior (D:8)
  A black bear (D:7)
  An ogre (D:5)
  2 centaurs
  18 wolves
  A phantom (D:7)
  A necrophage (D:5)
  2 kobold brigands
  8 bullfrogs
  2 gnoll sergeants
  42 killer bees
  An electric eel (Lair:2)
  9 howler monkeys
  5 orc priests
  3 hounds
  A jelly (D:6)
  Crazy Yiuf (D:3)
  Jessica (D:3)
  5 iguanas
  5 orc wizards
  15 gnolls
  A river rat (Lair:2)
  7 adders
  4 white imps
  3 ufetubi
  3 worms (D:3)
  5 dart slugs
  26 orcs
  4 endoplasms
  A giant cockroach (D:2)
  9 goblins
  6 hobgoblins
  7 jackals
  19 kobolds
  8 quokkas
  3 ball pythons
  5 bats
  7 frilled lizards
  5 rats
378 creatures vanquished.

Vanquished Creatures (collateral kills)
  2 hydras (Lair:5)
  A boulder beetle (Lair:4)
  A catoblepas (Lair:4)
  A black mamba (Lair:5)
  An elephant (Lair:5)
  A rime drake (Lair:5)
  A polar bear (Lair:3)
  8 yaks (Lair:5)
  2 water moccasins
  A wolf (Lair:4)
19 creatures vanquished.

Vanquished Creatures (others)
  3 killer bees
  An ancestor (Lair:4)
  5 battlemagi (Lair:5)
  An orc (D:8)
  A demonic plant (Temple)
  27 fungi
  64 plants
  4 toadstools (D:1)
  7 withered plants (Lair:5)
113 creatures vanquished.

Grand Total: 510 creatures vanquished

Notes
Turn   | Place    | Note
-------+----------+-------------------------------------------
     0 | D:1      | SnakkuSnakku7 the Ghoul Summoner began the quest for the
                  | Orb.
     0 | D:1      | Reached XP level 1. HP: 14/14 MP: 2/2
   140 | D:1      | Reached skill level 1 in Fighting
   140 | D:1      | Reached skill level 1 in Unarmed Combat
   313 | D:1      | Reached XP level 2. HP: 11/23 MP: 3/3
   871 | D:1      | Reached XP level 3. HP: 21/29 MP: 4/4
  1134 | D:1      | Reached skill level 2 in Unarmed Combat
  2096 | D:2      | Reached XP level 4. HP: 29/37 MP: 5/5
  2578 | D:2      | Reached skill level 3 in Unarmed Combat
  3026 | D:2      | Reached XP level 5. HP: 38/45 MP: 6/6
  3506 | D:3      | Reached skill level 4 in Unarmed Combat
  3510 | D:3      | Found a faded altar of an unknown god.
  3573 | D:3      | Found a sacrificial altar of Ru.
  3584 | D:3      | Became a worshipper of Ru the Awakened
  3645 | D:3      | Noticed Jessica
  3650 | D:3      | Killed Jessica
  3742 | D:3      | Found a runed translucent door.
  3743 | D:3      | Noticed Crazy Yiuf
  3798 | D:3      | Reached XP level 6. HP: 47/52 MP: 7/7
  4212 | D:3      | Killed Crazy Yiuf
  5096 | D:4      | Reached skill level 5 in Unarmed Combat
  5162 | D:4      | Reached skill level 5 in Fighting
  5418 | D:4      | Found a transporter.
  5422 | D:4      | Found a transporter.
  5422 | D:4      | Noticed Rudyous's ghost (novice HOFi)
  5623 | D:5      | Entered Level 5 of the Dungeon
  5701 | D:5      | Found a staircase to the Ecumenical Temple.
  5728 | D:5      | Reached XP level 7. HP: 61/61 MP: 8/8
  5735 | D:5      | Reached skill level 6 in Unarmed Combat
  6151 | D:5      | Found a hide-covered altar of Uskayaw.
  6153 | D:5      | Found a basalt altar of Yredelemnul.
  6207 | D:5      | Found a bloodstained altar of Trog.
  6211 | D:5      | Gained mutation: You cannot train Dodging skill. [Ru
                  | sacrifice]
  6211 | D:5      | Reached * piety under Ru
  6276 | D:5      | Found an opulent altar of Gozag.
  6791 | D:6      | Found a shimmering altar of Xom.
  6886 | D:6      | Reached skill level 7 in Unarmed Combat
  6890 | D:6      | Found a blossoming altar of Fedhas.
  7202 | D:6      | Reached skill level 8 in Unarmed Combat
  7202 | D:6      | Reached XP level 8. HP: 56/68 MP: 9/9
  7693 | D:7      | Reached skill level 9 in Unarmed Combat
  7750 | D:7      | You fall into a shaft and drop 2 floors!
  7819 | D:9      | Found Yseatauh's Book Shop.
  7953 | D:9      | Noticed Joseph
  7974 | D:9      | Killed Joseph
  7975 | D:9      | Reached skill level 10 in Unarmed Combat
  8175 | D:8      | Noticed a manticore
  8248 | D:9      | Found a stormy altar of Qazlal.
  8489 | D:9      | Noticed a vampire
  8494 | D:9      | Killed a vampire
  8495 | D:9      | Reached skill level 11 in Unarmed Combat
  8495 | D:9      | Reached XP level 9. HP: 74/74 MP: 10/10
  8678 | D:9      | Gained mutation: You are sensitive to extremes of
                  | temperature. (rF-, rC-) [Ru sacrifice]
  8678 | D:9      | Reached ** piety under Ru
  8678 | D:9      | Reached *** piety under Ru
  8978 | D:9      | Found a transporter.
  9136 | D:9      | Noticed a great orb of eyes
  9137 | D:9      | Found a viscous altar of Jiyva.
  9504 | D:8      | Killed a manticore
  9505 | D:8      | Reached skill level 12 in Unarmed Combat
  9823 | D:7      | Noticed Menkaure
  9829 | D:7      | Killed Menkaure
  9904 | D:7      | Reached skill level 5 in Armour
 10194 | D:7      | Found a shimmering blue altar of Sif Muna.
 10392 | D:8      | Reached XP level 10. HP: 81/81 MP: 11/11
 10791 | D:8      | Found Guzxont's Overcharged Wands.
 11146 | D:8      | HP: 2/81 [komodo dragon (18)]
 11417 | D:8      | Found a staircase to the Lair.
 11760 | D:10     | Entered Level 10 of the Dungeon
 11771 | D:10     | Noticed an unseen horror
 11785 | D:10     | Killed an unseen horror
 11963 | D:10     | Noticed a two-headed ogre
 11964 | D:10     | Noticed a cyclops
 11972 | D:10     | Killed a two-headed ogre
 11977 | D:10     | Killed a cyclops
 12057 | D:10     | Reached skill level 10 in Armour
 12064 | D:10     | Reached XP level 11. HP: 67/89 MP: 12/12
 12103 | D:10     | Gained mutation: You are somewhat inexperienced. (-1 XL)
                  | [Ru sacrifice]
 12103 | D:10     | Reached XP level 10. HP: 75/84 MP: 11/11
 12103 | D:10     | Reached **** piety under Ru
 12103 | D:10     | Reached ***** piety under Ru
 12659 | D:10     | Found a sparkling altar of Nemelex Xobeh.
 12903 | Lair:1   | Entered Level 1 of the Lair of Beasts
 13317 | Lair:1   | Noticed Gastronok
 13700 | Lair:1   | Killed Gastronok
 13701 | Lair:1   | Reached skill level 10 in Fighting
 14960 | Lair:1   | Reached XP level 11. HP: 34/104 MP: 12/12
 14964 | Lair:1   | Reached skill level 1 in Evocations
 15919 | Lair:2   | Reached skill level 5 in Evocations
 15948 | Lair:2   | Gained mutation: Your cowardice makes you less effective in
                  | combat with threatening foes. [Ru sacrifice]
 15948 | Lair:2   | Reached ****** piety under Ru
 16124 | Temple   | Entered the Ecumenical Temple
 16155 | Temple   | Fell from the grace of Ru
 16155 | Temple   | Became a worshipper of Hepliaklqana the Forgotten
 17804 | Lair:3   | Reached * piety under Hepliaklqana
 17806 | Lair:3   | Found a staircase to the Snake Pit.
 17832 | Lair:3   | Found a staircase to the Shoals.
 18419 | Lair:3   | Reached skill level 13 in Unarmed Combat
 18726 | Lair:4   | Noticed a catoblepas
 18743 | Lair:4   | Killed a catoblepas
 18744 | Lair:4   | Reached XP level 12. HP: 79/100 MP: 13/13
 19882 | Lair:4   | Reached skill level 14 in Unarmed Combat
 20047 | Lair:4   | Reached ** piety under Hepliaklqana
 20048 | Lair:4   | Remembered your ancestor cirSlain as a battlemage
 20152 | Lair:4   | Found a staircase to the Slime Pits.
 20588 | Lair:5   | Entered Level 5 of the Lair of Beasts
 20876 | Lair:5   | Noticed Urug
 21179 | Lair:4   | Reached skill level 15 in Unarmed Combat
 22244 | Lair:5   | Killed Urug
 22245 | Lair:5   | Reached skill level 16 in Unarmed Combat
 22704 | Lair:5   | Reached skill level 17 in Unarmed Combat
 23062 | Lair:5   | Found an ornate altar of the Wu Jian Council.
 23070 | Lair:5   | Reached XP level 13. HP: 87/106 MP: 14/14
 23070 | Lair:5   | Found a hide-covered altar of Uskayaw.
 23239 | Lair:5   | Noticed a dire elephant
 23240 | Lair:5   | Noticed a dire elephant
 23240 | Lair:5   | Noticed a dire elephant
 23242 | Lair:5   | Noticed a dire elephant
 23590 | Lair:5   | Slain by a dire elephant

Illustrated notes

Levels and vault maps discovered:
D:1:      ldierk_water_garden, layout_loops_corners
D:2:      layout_basic, basic_altar
D:3:      layout_rooms, lemuel_crystal_altar,
          hellmonk_ecumenical_altar_crossroads, kennysheep_pointless_box,
          minmay_divided_ellipse, uniq_crazy_yiuf_cottage, uniq_jessica
D:4:      layout_basic, gammafunk_ghost_arena
D:5:      layout_gridville, chequers_temple_overflow_statue_of_worship,
          gammafunk_temple_overflow_wave, mainiacjoe_overflow_chevrons,
          minmay_temple_entry_tees, serial_co_window_serial, co_window_corner_a,
          co_window_cross_1, co_window_paths_a, co_window_paths_a,
          co_window_paths_a, co_window_broadway_b, co_window_of_opportunity_b,
          co_window_of_opportunity_b, co_window_2corner, glass_columns_c,
          glass_columns_b, glass_columns_a
D:6:      layout_gridville, fedhas_altar_2, nicolae_overflow_crystal_walls,
          elyvilon_altar_4
D:7:      layout_rooms, tgw_sif, uniq_menkaure
D:8:      layout_rooms, erik_lair_dragon, nicolae_shop_overcharged_wands
D:9:      gammafunk_jiyva_shrine, layout_stronghold, overflow_temple_1_default,
          grunt_qazlal_sundering, serial_shops, shop, uniq_joseph
D:10:     layout_roguey, nemelex_diamond_rough_becter
Temple:   corrupted_temple
Lair:1:   layout_regular_city, uniq_gastronok
Lair:2:   hangedman_what_comes_after_a, layout_chaotic_city, minivault_11,
          minmay_lair_oklob_bushes, serial_bayou_lake_a
Lair:3:   layout_cave_pods, minmay_shoals_entry_beasts,
          minmay_snake_entry_spellcaster, grunt_megastairs_5
Lair:4:   layout_regular_city, slime_entry_1, wad_woods_03
Lair:5:   due_jungle_book, layout_small_grid, nzn_masters_of_martial_movement,
          grunt_megastairs_3, uniq_urug

Skill      XL: |  1  2  3  4  5  6  7  8  9 10 11 12 |
---------------+-------------------------------------+-----
Fighting       | 1 2 3 4 5 12 6 | 12.0
Unarmed Combat | 1 2 3 4 5 8 11 12 13 17 | 17.5
Dodging        | 0 |  0.0
Armour         | 5 10 | 10.0
Evocations     | 8 |  8.0
Stealth        | |  2.1
Spellcasting   | |  1.7
Summonings     | |  3.6

Action                   |  1- 3 |  4- 6 |  7- 9 | 10-12 | 13-15 || total
-------------------------+-------+-------+-------+-------+-------++-------
Melee: Unarmed           |   200 |   306 |   304 |  1077 |    30 ||  1917
       Punch             |     1 |     8 |    14 |    91 |     6 ||   120
Throw: Javelin           |       |     1 |     6 |     1 |       ||     8
       Dart              |       |       |       |     1 |       ||     1
 Cast: Summon Small Mamm |     2 |       |       |       |       ||     2
Invok: Sacrifice Nimblen |       |       |     1 |       |       ||     1
       Draw Out Power    |       |       |     1 |     1 |       ||     2
       Sacrifice Resista |       |       |     1 |       |       ||     1
       Sacrifice Experie |       |       |       |     1 |       ||     1
       Sacrifice Courage |       |       |       |     1 |       ||     1
       Ancestor Identity |       |       |       |     1 |       ||     1
       Recall Ancestor   |       |       |       |     3 |       ||     3
       Ancestor Life: Ba |       |       |       |     1 |       ||     1
Evoke: Wand              |       |       |     8 |     7 |       ||    15
  Use: Scroll            |       |     5 |     6 |    12 |     1 ||    24
       Potion            |       |     3 |     2 |       |     3 ||     8
 Stab: Distracted        |       |       |     1 |    11 |       ||    12
       Invisible         |       |       |     3 |     6 |       ||     9
       Paralysed         |       |       |       |     1 |       ||     1
Armor: Robe              |     8 |       |       |       |       ||     8
       Chain mail        |    86 |    93 |       |       |       ||   179
       Plate armour      |       |   111 |   262 |   764 |     7 ||  1144
Dodge: Dodged            |    66 |    78 |    61 |   297 |     2 ||   504
